[Event "Titled Tuesday Blitz June 6 Late 2023"]
[White "D`Arruda, Ricardo D."]
[Black "benny_aizenberg"]
[WhiteFideId "100692"]
[WhiteElo "2531"]
[BlackElo "2718"]
[Result "1/2-1/2"]
[Round "3"]
[TimeControl "180+2"]
[Date "2023.06.07"]
[WhiteClock "0:00:31"]
[BlackClock "0:00:05"]
[Board "47"]

1. d4 Nf6 2. Nf3 c5 3. d5 b5 4. c4 g6 5. a4 bxc4 6. Nc3 Bg7 7. e4 d6 8. Bxc4 O-O 9. O-O Nbd7 10. Re1 Rb8 11. Ra2 Qa5 12. Bd2 Qb6 13. a5 Qd8 14. h3 Rb4 15. b3 Rb8 16. Nb5 Ra8 17. Qc1 a6 18. Nc3 Ne8 19. Bh6 Bb7 20. Bxg7 Kxg7 21. e5 dxe5 22. Nxe5 Nxe5 23. Rxe5 Nd6 24. Rae2 Nf5 25. Na4 Qd6 26. Qc3 Kg8 27. Re1 Rfe8 28. f4 Rac8 29. Nb6 Rc7 30. Qf3 Nd4 31. Qf2 Bc8 32. g4 Kf8 33. Kg2 Qf6 34. b4 Qd6 35. bxc5 Qxc5 36. d6 Qxd6 37. Nxc8 Rexc8 38. Rd5 Qxd5+ 39. Bxd5 Rc2 40. Rd1 Rxf2+ 41. Kxf2 Nc6 42. Rc1 Na7 43. Rxc8+ Nxc8 44. Bb7 Nd6 45. Bxa6 Ke8 46. Bd3 Kd7 47. Ke3 Kc6 48. Kd4 f6 49. g5 Nf7 50. gxf6 exf6 51. Bc4 Nd6 52. Bg8 h6 53. Bh7 g5 54. fxg5 hxg5 55. Bd3 Nf7 56. Bc4 Ne5 57. Be2 Ng6 58. Ke4 Nf4 59. Bf1 Nxh3 60. a6 Kb6 61. Kf5 Nf2 62. Kxf6 g4 63. Kf5 Nd1 64. Kf4 g3 65. Kxg3 Ne3 66. Be2 Nd5 67. Kf3 Nb4 68. Ke3 Nc6 69. Bf3 Nb8 70. Bb7 Nxa6 1/2-1/2


[Site "https://www.chess.com"]

[Event "Titled Tuesday Blitz June 6 Late 2023"]
[White "Gritsenko, Nikolai"]
[Black "Santos Flores, Alberto"]
[WhiteFideId "14112493"]
[BlackFideId "3601234"]
[WhiteElo "2389"]
[BlackElo "2235"]
[Result "1-0"]
[Round "3"]
[TimeControl "180+2"]
[Date "2023.06.07"]
[WhiteClock "0:00:29"]
[BlackClock "0:00:02"]
[Board "48"]

1. d4 d5 2. Bg5 Bf5 3. e3 c6 4. Bd3 Bxd3 5. Qxd3 Nd7 6. f4 Ngf6 7. Nd2 e6 8. Ngf3 Be7 9. O-O O-O 10. Ne5 c5 11. c3 Nxe5 12. fxe5 Nd7 13. Bxe7 Qxe7 14. Rf3 f5 15. exf6 Nxf6 16. Raf1 e5 17. Rf5 cxd4 18. exd4 e4 19. Qg3 Rf7 20. h3 Raf8 21. Qe3 Qe6 22. R5f2 Nd7 23. Rxf7 Rxf7 24. Rxf7 Qxf7 25. Qf2 Qxf2+ 26. Kxf2 Kf7 27. Nf1 Ke6 28. Ne3 b5 29. Kg3 Nb6 30. b3 a5 31. Kf4 Nd7 32. g4 Nb8 33. c4 bxc4 34. bxc4 dxc4 35. Kxe4 c3 36. Kd3 Kd6 37. Kxc3 g6 38. Nc4+ Kd5 39. Nxa5 h5 40. gxh5 gxh5 41. a4 1-0


[Site "https://www.chess.com"]

[Event "Titled Tuesday Blitz June 6 Late 2023"]
[White "Yeritsyan, Hayk"]
[Black "Di Benedetto, Edoardo"]
[WhiteFideId "13307320"]
[BlackFideId "875740"]
[WhiteElo "2482"]
[BlackElo "2296"]
[Result "0-1"]
[Round "3"]
[TimeControl "180+2"]
[Date "2023.06.07"]
[WhiteClock "0:00:03"]
[BlackClock "0:00:16"]
[Board "49"]

1. d4 d5 2. Nf3 Nf6 3. e3 c5 4. Bd3 Nc6 5. c3 Bg4 6. Nbd2 e6 7. Qa4 Bxf3 8. Nxf3 a6 9. Ne5 Qc7 10. Bb5 Rc8 11. Bxc6+ bxc6 12. Qxa6 Bd6 13. Nf3 O-O 14. dxc5 Bxc5 15. b3 e5 16. Bb2 e4 17. Nd4 Ng4 18. h3 Ne5 19. Qe2 Nd3+ 20. Kf1 Qd7 21. Rd1 f5 22. f4 Bd6 23. Rxd3 exd3 24. Qxd3 c5 25. Nb5 Bb8 26. c4 Rfd8 27. Qxd5+ Qxd5 28. cxd5 Rxd5 29. Ke2 c4 30. Nc3 Rd7 31. b4 Ba7 32. Rd1 Rcd8 33. Rxd7 Rxd7 34. Nb5 Bb6 35. Bd4 Bd8 36. Kd2 g5 37. g3 h5 38. fxg5 Bxg5 39. Kc3 Re7 40. Kxc4 Bxe3 41. Bxe3 Rxe3 42. a4 Rxg3 43. a5 Kf7 44. a6 Rg8 45. Nc7 Rc8 0-1


[Site "https://www.chess.com"]

[Event "Titled Tuesday Blitz June 6 Late 2023"]
[White "Arnaudov, G. Petar"]
[Black "i_like_explosions"]
[WhiteFideId "2907127"]
[WhiteElo "2430"]
[BlackElo "2478"]
[Result "1-0"]
[Round "3"]
[TimeControl "180+2"]
[Date "2023.06.07"]
[WhiteClock "0:01:00"]
[BlackClock "0:00:04"]
[Board "50"]

1. Nf3 Nf6 2. c4 g6 3. Nc3 d6 4. e4 Bg7 5. d4 O-O 6. h3 e5 7. d5 a5 8. g4 Na6 9. Be3 Nd7 10. Rg1 Nac5 11. a3 a4 12. Nd2 Nb6 13. Qc2 Bd7 14. O-O-O c6 15. h4 cxd5 16. exd5 Kh8 17. h5 g5 18. h6 Bf6 19. Nde4 Nxe4 20. Qxe4 Be7 21. Qc2 Qc7 22. Bxb6 Qxb6 23. Bd3 Rac8 24. Kb1 Qb3 25. Rc1 Bd8 26. Qe2 f6 27. Ne4 Be7 28. Ng3 Be8 29. Nf5 Rc7 30. c5 dxc5 31. d6 Bxd6 32. Nxd6 Rd7 33. Bc4 Qb6 34. Nxe8 Rxe8 35. Bb5 1-0


[Site "https://www.chess.com"]

[Event "Titled Tuesday Blitz June 6 Late 2023"]
[White "Kokoszczynski, Jan"]
[Black "Nazari, Arad"]
[WhiteFideId "1174460"]
[BlackFideId "12577324"]
[WhiteElo "2139"]
[BlackElo "2175"]
[Result "0-1"]
[Round "3"]
[TimeControl "180+2"]
[Date "2023.06.07"]
[WhiteClock "0:00:03"]
[BlackClock "0:00:29"]
[Board "51"]

1. d4 Nf6 2. c4 g6 3. Nc3 d5 4. cxd5 Nxd5 5. e4 Nxc3 6. bxc3 Bg7 7. Qa4+ Nd7 8. Nf3 O-O 9. Be2 a6 10. O-O b5 11. Qc2 c5 12. d5 c4 13. Be3 Qc7 14. Bd4 Ne5 15. Nxe5 Bxe5 16. Qd2 Bxh2+ 17. Kh1 Bf4 18. Qb2 e6 19. a4 exd5 20. axb5 dxe4 21. b6 Qe7 22. g3 Bb7 23. Kg1 Qg5 24. Bxc4 e3 25. f3 Bxg3 26. Qg2 Bf2+ 27. Rxf2 exf2+ 28. Kxf2 Qxg2+ 29. Kxg2 a5 30. Bb5 Rfc8 31. Kf2 h5 32. c4 a4 33. Ra3 Rd8 34. Bf6 Rd6 35. Be5 Rxb6 36. f4 Bc6 37. Bxc6 Rxc6 38. Ke3 Rxc4 39. Kd3 Rb4 0-1


[Site "https://www.chess.com"]

[Event "Titled Tuesday Blitz June 6 Late 2023"]
[White "szachmistrz2500"]
[Black "laziestwin"]
[WhiteElo "2464"]
[BlackElo "2671"]
[Result "0-1"]
[Round "3"]
[TimeControl "180+2"]
[Date "2023.06.07"]
[WhiteClock "0:00:31"]
[BlackClock "0:00:45"]
[Board "52"]

1. d4 d5 2. Nf3 Nf6 3. c4 c6 4. Qc2 g6 5. Nc3 Bg7 6. Bf4 O-O 7. e3 c5 8. dxc5 Qa5 9. Be2 Ne4 10. O-O Nxc3 11. bxc3 dxc4 12. Bxc4 Qxc5 13. Bxb8 Rxb8 14. Qb3 b5 15. Be2 Be6 16. Qc2 Qxc3 17. Qxc3 Bxc3 18. Rab1 b4 19. Nd4 Bxa2 20. Nc6 Bxb1 21. Nxb8 Be4 22. Na6 Rc8 23. f3 Bc2 24. Bd1 b3 0-1


[Site "https://www.chess.com"]

[Event "Titled Tuesday Blitz June 6 Late 2023"]
[White "Hollan, Martin"]
[Black "Rego, Pedro Filipe"]
[WhiteFideId "360937"]
[BlackFideId "1904310"]
[WhiteElo "2370"]
[BlackElo "2193"]
[Result "1-0"]
[Round "3"]
[TimeControl "180+2"]
[Date "2023.06.07"]
[WhiteClock "0:00:25"]
[BlackClock "0:00:45"]
[Board "53"]

1. b4 a5 2. b5 c6 3. c4 d5 4. e3 dxc4 5. Bxc4 cxb5 6. Bxb5+ Bd7 7. Qa4 Bxb5 8. Qxb5+ Qd7 9. Nc3 Nf6 10. Rb1 Qxb5 11. Rxb5 Nc6 12. Rxb7 Nb4 13. Ke2 e6 14. a3 Nbd5 15. Nxd5 Nxd5 16. Nf3 Bd6 17. Bb2 O-O 18. Rb1 Rfc8 19. Kd1 h6 20. Rd7 Bf8 21. Rb7 Bd6 22. g3 Ra6 23. e4 Nb6 24. Bxg7 Nc4 25. Bxh6 Bxa3 26. Be3 Bb4 27. Rb5 Rd6 28. Ke2 Na3 29. Rg5+ Kf8 30. Rxb4 axb4 31. Bc5 Rxc5 32. Rxc5 b3 33. Rc8+ Ke7 34. Rb8 1-0


[Site "https://www.chess.com"]

[Event "Titled Tuesday Blitz June 6 Late 2023"]
[White "Vega Gutierrez, Sabrina"]
[Black "Martins, Bruno Andre Leite"]
[WhiteFideId "2219026"]
[BlackFideId "1942255"]
[WhiteElo "2209"]
[BlackElo "2241"]
[Result "0-1"]
[Round "3"]
[TimeControl "180+2"]
[Date "2023.06.07"]
[WhiteClock "0:00:02"]
[BlackClock "0:00:16"]
[Board "54"]

1. e4 c5 2. Nf3 d6 3. d4 cxd4 4. Nxd4 e5 5. Nf3 Nc6 6. Nc3 Be6 7. Nd5 Be7 8. Bc4 Nf6 9. Nxf6+ Bxf6 10. Bxe6 fxe6 11. O-O O-O 12. c3 d5 13. Qe2 Qc7 14. Rd1 Rad8 15. Bg5 h6 16. Bxf6 Rxf6 17. Rd3 Rf7 18. Re1 d4 19. cxd4 exd4 20. e5 Rfd7 21. a3 Rd5 22. h4 Qf7 23. Qe4 Rf8 24. Red1 Qf4 25. Qxf4 Rxf4 26. g3 Re4 27. Kf1 Kf7 28. R1d2 Ke7 29. Re2 Rxe2 30. Kxe2 Nxe5 31. Rxd4 Nxf3 32. Rxd5 Ng1+ 33. Kf1 exd5 34. Kxg1 Ke6 35. Kf1 Ke5 36. Ke2 Ke4 37. h5 a5 38. f3+ Kd4 39. Kd2 a4 40. Ke2 Kc4 41. Ke3 Kb3 42. f4 Kxb2 43. g4 Kc3 44. g5 d4+ 45. Ke4 hxg5 46. fxg5 d3 47. h6 gxh6 48. gxh6 d2 49. h7 d1=Q 50. h8=Q+ Kb3 51. Qc8 Qc2+ 52. Qxc2+ Kxc2 53. Kd4 Kb3 0-1


[Site "https://www.chess.com"]

[Event "Titled Tuesday Blitz June 6 Late 2023"]
[White "Senft, Sean"]
[Black "Martinez Ramirez, Lennis"]
[WhiteFideId "2044960"]
[BlackFideId "3509079"]
[WhiteElo "1989"]
[BlackElo "2410"]
[Result "0-1"]
[Round "3"]
[TimeControl "180+2"]
[Date "2023.06.07"]
[WhiteClock "0:00:01"]
[BlackClock "0:00:11"]
[Board "55"]

1. d4 e6 2. c4 d5 3. cxd5 exd5 4. Nc3 c6 5. Nf3 Nf6 6. Bg5 Nbd7 7. e3 h6 8. Bh4 Be7 9. Bd3 Nh5 10. Bxe7 Qxe7 11. O-O O-O 12. Qc2 Re8 13. Rab1 a5 14. a3 Nb6 15. b4 axb4 16. axb4 Be6 17. b5 c5 18. dxc5 Qxc5 19. Rfc1 Rec8 20. Qd2 Qa3 21. Nd4 Nf6 22. h3 Rc7 23. Nce2 Rac8 24. Rxc7 Rxc7 25. Nf4 Bd7 26. Qb2 Qxb2 27. Rxb2 Rc1+ 28. Kh2 Rc3 29. Bf5 Be8 30. Ra2 g6 31. Bg4 h5 32. Bf3 Bd7 33. Ra7 Bc8 34. Ra2 Kf8 35. Rd2 Ke7 36. Nde2 Rc5 37. Nd4 Rc3 38. Nde2 Rc5 39. Nd4 Bd7 40. Nd3 Rc3 41. Nf4 g5 42. Nxh5 Nxh5 43. Bxh5 Nc4 44. Ra2 Ra3 45. Rxa3 Nxa3 46. Be2 Kd6 47. Kg3 Kc5 48. Nf3 f6 49. Nd4 Nxb5 50. Bxb5 Bxb5 51. f4 Bd7 52. h4 gxh4+ 53. Kxh4 b5 54. g4 b4 55. g5 fxg5+ 56. fxg5 Be8 57. Kg4 Kc4 58. Kf4 b3 59. Nxb3 Kxb3 60. Kf5 Kc4 0-1


[Site "https://www.chess.com"]

[Event "Titled Tuesday Blitz June 6 Late 2023"]
[White "Skatchkov, Pavel"]
[Black "Kohler, Aran"]
[WhiteFideId "4121848"]
[BlackFideId "1002856"]
[WhiteElo "2476"]
[BlackElo "2327"]
[Result "1-0"]
[Round "3"]
[TimeControl "180+2"]
[Date "2023.06.07"]
[WhiteClock "0:00:23"]
[BlackClock "0:00:04"]
[Board "56"]

1. d4 Nf6 2. c4 e6 3. Nf3 d5 4. g3 c6 5. Bg2 Nbd7 6. O-O Bd6 7. Nc3 O-O 8. Nd2 h6 9. e4 dxe4 10. Ndxe4 Nxe4 11. Nxe4 Be7 12. b3 Nf6 13. Bb2 Nxe4 14. Bxe4 Bf6 15. Qd2 Qc7 16. Rad1 Bd7 17. Rfe1 Rad8 18. h4 Bc8 19. Bb1 c5 20. Qc2 g6 21. h5 cxd4 22. hxg6 fxg6 23. Qxg6+ Qg7 24. Qe4 e5 25. c5 Be6 26. Rxd4 exd4 27. Qxe6+ Kh8 28. Bd3 Rd7 29. Qh3 Re7 30. Rxe7 Bxe7 31. Bxd4 Bf6 32. Be3 Bg5 33. Bxg5 Qxg5 34. Be4 Qf6 35. Qf1 Qe7 36. Qc4 Re8 37. Bf3 Qe1+ 38. Kg2 Qe7 39. b4 a6 40. a4 Rf8 41. b5 axb5 42. axb5 Qf6 43. Qd5 1-0


[Site "https://www.chess.com"]

[Event "Titled Tuesday Blitz June 6 Late 2023"]
[White "Magallanes, Rey Jomar"]
[Black "Lopez Mulet, Inigo"]
[WhiteFideId "5205948"]
[BlackFideId "22235620"]
[WhiteElo "2318"]
[BlackElo "2302"]
[Result "0-1"]
[Round "3"]
[TimeControl "180+2"]
[Date "2023.06.07"]
[WhiteClock "0:02:05"]
[BlackClock "0:02:45"]
[Board "57"]

1. e4 c5 2. Nf3 d6 3. d4 cxd4 4. Nxd4 Nf6 5. Nc3 g6 6. Be3 Bg7 7. h3 O-O 8. Bc4 Nc6 9. Bb3 Nxd4 10. Bxd4 Be6 11. O-O a6 12. f4 Rc8 13. e5 dxe5 14. Bxe5 Qb6+ 15. Kh1 Rfd8 16. Qe2 Nh5 17. Qf2 Qxf2 18. Rxf2 Bxb3 19. cxb3 f6 20. g4 Ng3+ 21. Kg2 fxe5 22. Kxg3 exf4+ 23. Kxf4 Bxc3 24. bxc3 Rf8+ 25. Kg3 Rxc3+ 26. Kg2 Rxf2+ 27. Kxf2 Rxh3 28. Re1 Kf7 29. Rc1 Rh2+ 30. Kg3 Rxa2 31. Rc7 b5 32. Rb7 Ra3 33. Rb6 Rxb3+ 34. Kh4 Ra3 35. Kg5 Kg7 36. Rb7 h6+ 37. Kf4 Kf6 38. Rb6+ e6 39. Rc6 g5+ 40. Ke4 Ra4+ 41. Kf3 Rf4+ 42. Kg3 a5 43. Rc5 Rb4 44. Rc6 a4 45. Ra6 Rb3+ 46. Kg2 a3 47. Ra5 0-1


[Site "https://www.chess.com"]

[Event "Titled Tuesday Blitz June 6 Late 2023"]
[White "Nakamura, Hikaru"]
[Black "Martinez Reyes, Pedro Ramon"]
[WhiteFideId "2016192"]
[BlackFideId "3901807"]
[WhiteElo "2874"]
[BlackElo "2340"]
[Result "1-0"]
[Round "3"]
[TimeControl "180+2"]
[Date "2023.06.07"]
[WhiteClock "0:01:40"]
[BlackClock "0:00:33"]
[Board "58"]

1. g3 e6 2. e4 d5 3. e5 c5 4. f4 h5 5. c3 h4 6. g4 h3 7. Nf3 Nh6 8. Rg1 c4 9. d4 cxd3 10. Be3 Bd7 11. Bxd3 Na6 12. b4 Nc7 13. Nd4 a6 14. a4 Qh4+ 15. Kf1 Qe7 16. Nd2 a5 17. b5 Rc8 18. N2b3 b6 19. Nf3 Na8 20. Qd2 Qd8 21. Rg3 Ng8 22. f5 Qc7 23. Rc1 Ne7 24. Nbd4 Ng8 25. c4 Qb7 26. fxe6 fxe6 27. Bg6+ Kd8 28. Ng5 Nh6 29. Ndxe6+ 1-0


[Site "https://www.chess.com"]

[Event "Titled Tuesday Blitz June 6 Late 2023"]
[White "Gheorghiu, Calin"]
[Black "Andreikin, Dmitry"]
[WhiteFideId "1200305"]
[BlackFideId "4158814"]
[WhiteElo "2204"]
[BlackElo "2736"]
[Result "0-1"]
[Round "3"]
[TimeControl "180+2"]
[Date "2023.06.07"]
[WhiteClock "0:00:55"]
[BlackClock "0:02:28"]
[Board "59"]

1. d4 Nf6 2. Nf3 g6 3. Nc3 d5 4. Bf4 Bg7 5. Nb5 Na6 6. e3 O-O 7. Be2 c6 8. Nc3 b6 9. a4 Nb4 10. O-O a5 11. Ne5 Nd7 12. Nxd7 Bxd7 13. Nb1 Bf5 14. c3 Na6 15. h3 Re8 16. Nd2 e5 17. dxe5 Bxe5 18. Bxe5 Rxe5 19. Re1 Nc5 20. c4 dxc4 21. Nxc4 Rd5 22. Qc1 Nb3 23. Qc3 Nxa1 24. Rxa1 b5 25. axb5 cxb5 26. Nxa5 b4 27. Qxb4 Rdxa5 28. Rd1 Ra1 29. Rxa1 Rxa1+ 30. Kh2 Ra8 31. Bf3 Qb8+ 0-1


[Site "https://www.chess.com"]

[Event "Titled Tuesday Blitz June 6 Late 2023"]
[White "Durarbayli, Vasif"]
[Black "Perske, Thore"]
[WhiteFideId "13402935"]
[BlackFideId "12902195"]
[WhiteElo "2551"]
[BlackElo "2336"]
[Result "1-0"]
[Round "3"]
[TimeControl "180+2"]
[Date "2023.06.07"]
[WhiteClock "0:00:30"]
[BlackClock "0:00:02"]
[Board "60"]

1. e4 e6 2. d4 d5 3. e5 c5 4. c3 Nc6 5. Nf3 Bd7 6. Be2 f6 7. O-O fxe5 8. Nxe5 Nxe5 9. dxe5 Qc7 10. Re1 O-O-O 11. c4 d4 12. Na3 Kb8 13. Bd3 Nh6 14. Bg5 Rc8 15. Qh5 Be8 16. Qh3 Nf7 17. Bf4 g5 18. Bg3 h5 19. f3 h4 20. Bf2 Nxe5 21. Rxe5 Qxe5 22. Re1 Qc7 23. Qxe6 Bd7 24. Qf6 Bd6 25. h3 Rcf8 26. Qg7 Rfg8 27. Qf6 Rf8 28. Qg7 Rfg8 29. Qf7 Rf8 30. Qd5 Bc6 31. Qe6 Bd7 32. Qe2 Bf4 33. Be4 Re8 34. Qd3 Bc6 35. Nb5 Bxb5 36. cxb5 b6 37. a4 Re5 38. b3 Rhe8 39. Re2 Qd6 40. Rc2 Qc7 41. b4 Qd6 42. Kf1 Qc7 43. a5 Qd6 44. Rc4 Rc8 45. axb6 axb6 46. Rc2 cxb4 47. Bc6 1-0


[Site "https://www.chess.com"]

[Event "Titled Tuesday Blitz June 6 Late 2023"]
[White "Zhigalko, Sergei"]
[Black "Janaszak, Dawid"]
[WhiteFideId "13502956"]
[BlackFideId "1119206"]
[WhiteElo "2626"]
[BlackElo "2220"]
[Result "1-0"]
[Round "3"]
[TimeControl "180+2"]
[Date "2023.06.07"]
[WhiteClock "0:00:07"]
[BlackClock "0:00:19"]
[Board "61"]

1. e4 g6 2. d4 Bg7 3. Nc3 c6 4. Nf3 d5 5. h3 dxe4 6. Nxe4 Nd7 7. Bd3 Ngf6 8. c3 Nxe4 9. Bxe4 O-O 10. O-O Qc7 11. Re1 Nf6 12. Bc2 e6 13. Ne5 Nd7 14. Nd3 e5 15. dxe5 Nxe5 16. Bf4 f6 17. Bb3+ Kh8 18. Qe2 Re8 19. Rad1 Bf5 20. Nxe5 fxe5 21. Bg3 a5 22. a4 Qb6 23. Ba2 Qc5 24. Bh4 h6 25. g4 Be6 26. Bxe6 Rxe6 27. Qe4 g5 28. Bg3 Re7 29. Re2 Rf8 30. Red2 Ref7 31. Kg2 Qb6 32. Qc4 Rf3 33. Re2 Qc7 34. Qe4 Qf7 35. Rdd2 Kg8 36. Bxe5 Bxe5 37. Qxe5 Rf6 38. Qe3 Qc4 39. Qd4 Qf7 40. Qe5 Qc4 41. Qxa5 Rf3 42. Qe5 Qf7 43. Qd4 Kh7 44. b4 b6 45. Kg1 Rxh3 46. Qe4+ Kg8 47. Qe6 Rh4 48. Qxf7+ Rxf7 49. Rd4 h5 50. gxh5 Rxh5 51. Re3 Rfh7 52. Rg3 Rh1+ 53. Kg2 R7h5 54. Kf3 Ra1 55. Rc4 c5 56. bxc5 bxc5 57. Rxc5 Rxa4 58. Rcxg5+ Rxg5 59. Rxg5+ Kf7 60. Ke3 Rc4 61. Kd3 Rf4 62. Rg2 Ke6 63. Ke3 Rc4 64. Kd3 Rf4 65. Rh2 Kd5 66. Rh5+ Kd6 67. Ke3 Rc4 68. Kd3 Rf4 69. Rh2 Kd5 70. Ke2 Kc4 71. Rh8 Kxc3 72. Rd8 Rf7 73. f3 Kc4 74. Ke3 Kc5 75. f4 Kc6 76. Ke4 Kc7 77. Rd1 Re7+ 78. Kf5 Re2 79. Kf6 Kc8 80. f5 Rg2 81. Kf7 Rf2 82. f6 Rg2 83. Kf8 Rf2 84. f7 Rg2 85. Rd5 Kc7 86. Ke7 Re2+ 87. Kf6 Rf2+ 88. Rf5 1-0


[Site "https://www.chess.com"]

[Event "Titled Tuesday Blitz June 6 Late 2023"]
[White "Licznerski, Lukasz"]
[Black "Mieles Palau, Daniel"]
[WhiteFideId "1179250"]
[BlackFideId "3600467"]
[WhiteElo "2453"]
[BlackElo "2344"]
[Result "1-0"]
[Round "3"]
[TimeControl "180+2"]
[Date "2023.06.07"]
[WhiteClock "0:01:01"]
[BlackClock "0:00:29"]
[Board "62"]

1. e4 c5 2. Nf3 Nc6 3. Bb5 g6 4. O-O Bg7 5. Bxc6 dxc6 6. d3 Nf6 7. h3 Nd7 8. Nc3 e5 9. Be3 b6 10. Ne2 Nf8 11. Nh2 Ne6 12. Qd2 h6 13. Rae1 g5 14. Ng3 Nf4 15. Nf5 Bxf5 16. exf5 O-O 17. g3 Nxh3+ 18. Kg2 Nf4+ 19. gxf4 Qd5+ 20. f3 exf4 21. Bxf4 gxf4 22. Qxf4 Qd4 23. Re4 Qxb2 24. Ng4 h5 25. f6 hxg4 26. fxg7 Rfe8 27. Qh6 f5 28. Rxe8+ Rxe8 29. Qh8+ Kf7 30. g8=Q+ 1-0


[Site "https://www.chess.com"]

[Event "Titled Tuesday Blitz June 6 Late 2023"]
[White "Liu, Casper"]
[Black "Moroni, Luca Jr"]
[WhiteFideId "1454153"]
[BlackFideId "865834"]
[WhiteElo "2221"]
[BlackElo "2569"]
[Result "0-1"]
[Round "3"]
[TimeControl "180+2"]
[Date "2023.06.07"]
[WhiteClock "0:00:56"]
[BlackClock "0:00:41"]
[Board "63"]

1. e4 g6 2. d4 Bg7 3. Nc3 a6 4. f3 b5 5. a3 Bb7 6. Nge2 d6 7. Be3 Nd7 8. g3 c5 9. Bg2 Ngf6 10. dxc5 Nxc5 11. O-O O-O 12. Kh1 Rc8 13. Bg1 Nfd7 14. Qd2 Ne5 15. Rad1 Nc4 16. Qc1 f5 17. exf5 Rxf5 18. b3 Ne5 19. Nd4 Rf7 20. b4 Ncd7 21. Ne6 Qe8 22. Nxg7 Kxg7 23. Nd5 Bxd5 24. Rxd5 Nf6 25. Rdd1 Nc4 26. Rfe1 Qd7 27. f4 h5 28. Rd3 Rh8 29. h3 Rc8 30. Qa1 Kh7 31. Kh2 Rc7 32. Bd4 Qf5 33. Qd1 e5 34. fxe5 dxe5 35. Ba1 e4 36. Rd8 h4 37. Rxe4 hxg3+ 38. Kh1 Rcd7 39. Rh4+ Kg7 40. Rxd7 Rxd7 41. Qg1 Ne3 42. Bd4 Nxg2 43. Qxg2 g5 44. Rg4 Kg6 45. Qc6 Qf1+ 46. Bg1 Qxh3+ 0-1


[Site "https://www.chess.com"]

[Event "Titled Tuesday Blitz June 6 Late 2023"]
[White "Jaskolka, Tomasz"]
[Black "Chigaev, Maksim"]
[WhiteFideId "1170791"]
[BlackFideId "4108116"]
[WhiteElo "2155"]
[BlackElo "2561"]
[Result "0-1"]
[Round "3"]
[TimeControl "180+2"]
[Date "2023.06.07"]
[WhiteClock "0:00:36"]
[BlackClock "0:01:05"]
[Board "64"]

1. d4 Nf6 2. c4 g6 3. g3 Bg7 4. Bg2 O-O 5. Nc3 d6 6. Nf3 c5 7. d5 e6 8. O-O exd5 9. cxd5 Re8 10. Bf4 Bf5 11. Nh4 Bg4 12. h3 Nh5 13. Nxg6 Bxe2 14. Nxe2 hxg6 15. Be3 Nd7 16. Re1 b5 17. Qd2 a5 18. Bg5 Qb6 19. Rab1 a4 20. Nf4 Nxf4 21. Bxf4 Ne5 22. Bxe5 Bxe5 23. Kh2 Kg7 24. f4 Bf6 25. f5 g5 26. Bf3 c4 27. Kg2 Qd4 28. Qf2 Qxf2+ 29. Kxf2 Rxe1 30. Kxe1 b4 31. Kd2 Bxb2 32. Kc2 a3 33. Be2 b3+ 34. axb3 cxb3+ 35. Kxb3 a2 36. Kxb2 axb1=Q+ 37. Kxb1 Ra3 38. Kc2 Rxg3 39. Bg4 Kf6 40. Kd2 Ke5 41. Ke2 f6 42. Kf2 Rxg4 43. hxg4 Kf4 0-1


[Site "https://www.chess.com"]

[Event "Titled Tuesday Blitz June 6 Late 2023"]
[White "Fieberg, Samuel"]
[Black "Rustemov, Alexander"]
[WhiteFideId "12901717"]
[BlackFideId "4119002"]
[WhiteElo "2509"]
[BlackElo "2848"]
[Result "0-1"]
[Round "3"]
[TimeControl "180+2"]
[Date "2023.06.07"]
[WhiteClock "0:00:03"]
[BlackClock "0:00:12"]
[Board "65"]

1. e4 e6 2. d4 d5 3. exd5 exd5 4. Nf3 Bf5 5. Bd3 Bxd3 6. Qxd3 Nc6 7. c3 Bd6 8. Bg5 Nge7 9. Nbd2 Qd7 10. Bh4 O-O-O 11. Bg3 Nf5 12. O-O-O Rhe8 13. Rde1 g6 14. Rxe8 Rxe8 15. Re1 Rxe1+ 16. Nxe1 Be7 17. Bf4 Qe6 18. Kd1 h5 19. Qe2 Nd8 20. Nd3 Qxe2+ 21. Kxe2 c6 22. Ne5 g5 23. Be3 f6 24. Nd3 Ne6 25. f3 Bd6 26. Nf1 h4 27. Bg1 b6 28. Bf2 Kd7 29. g4 Ne7 30. h3 Ng6 31. Be3 c5 32. dxc5 bxc5 33. Kd2 a5 34. b3 c4 35. Nf2 Ngf4 36. Kc2 Kc6 37. Nd2 cxb3+ 38. axb3 Kb5 39. c4+ dxc4 40. Nxc4 Bc7 41. Kb2 Nd5 42. Ne4 Nxe3 43. Nxe3 Nf4 44. Kc2 Nxh3 45. Nxf6 Ng1 46. Nfd5 Bb8 47. Nc3+ Ka6 48. Ne4 h3 49. Nf1 Nxf3 50. Nf2 h2 51. Nh1 Kb5 52. Kc3 Be5+ 53. Kc2 Bf4 54. Kd3 Ne5+ 55. Ke4 Nxg4 56. Kf3 Ne5+ 57. Ke4 Nd7 58. Kd4 Nc5 59. Kc3 Be5+ 60. Kc2 Kb4 61. Nd2 g4 62. Nf1 Nxb3 63. Kd3 a4 64. Kc2 a3 65. Kb1 Bf4 66. Ka2 Nc5 67. Kb1 Ne4 68. Ka2 Nc3+ 69. Ka1 Bc1 0-1


[Site "https://www.chess.com"]

[Event "Titled Tuesday Blitz June 6 Late 2023"]
[White "Fernandez Guillen, Ernesto J."]
[Black "Filgueira, Hernan"]
[WhiteFideId "3512428"]
[BlackFideId "101770"]
[WhiteElo "2434"]
[BlackElo "2363"]
[Result "1-0"]
[Round "3"]
[TimeControl "180+2"]
[Date "2023.06.07"]
[WhiteClock "0:01:50"]
[BlackClock "0:01:13"]
[Board "66"]

1. e4 d6 2. d4 Nf6 3. Nc3 e5 4. dxe5 dxe5 5. Qxd8+ Kxd8 6. Bg5 c6 7. O-O-O+ Ke8 8. f4 h6 9. Bxf6 gxf6 10. f5 Bb4 11. Nce2 Nd7 12. Nf3 Ke7 13. Ng3 Bc5 14. Bd3 a5 15. Kb1 a4 16. c3 Bb6 17. Nh5 Nc5 18. Bc2 Bc7 19. g4 b5 20. a3 Bb7 21. h3 Rad8 22. Ng3 Rxd1+ 23. Rxd1 Bb6 24. Nh5 Rg8 25. Rd2 Bc7 26. Kc1 Nd7 27. Kd1 Nb6 28. Bd3 c5 29. Ke2 c4 30. Bc2 Nd7 31. Rxd7+ Kxd7 32. Nxf6+ Kd6 33. Nxg8 1-0


[Site "https://www.chess.com"]

[Event "Titled Tuesday Blitz June 6 Late 2023"]
[White "Somalianwarrior2006"]
[Black "Pinheiro, Iung Alicio de O."]
[BlackFideId "2104350"]
[WhiteElo "2747"]
[BlackElo "2283"]
[Result "1-0"]
[Round "3"]
[TimeControl "180+2"]
[Date "2023.06.07"]
[WhiteClock "0:00:02"]
[BlackClock "0:00:02"]
[Board "67"]

1. e4 e5 2. Nf3 Nc6 3. Bc4 Nf6 4. d3 Be7 5. a4 O-O 6. O-O d6 7. h3 Kh8 8. c3 Ng8 9. b4 f5 10. a5 fxe4 11. dxe4 a6 12. Re1 Bf6 13. Nbd2 Nce7 14. Nf1 Ng6 15. Be3 Qe7 16. Qb3 Nh6 17. Rad1 Nf7 18. Bd5 Ng5 19. N1h2 Nxf3+ 20. Nxf3 Nh4 21. Nh2 Qe8 22. Kh1 Qh5 23. Rg1 Bg5 24. Be6 Bxe3 25. fxe3 Rf6 26. Bxc8 Rxc8 27. Rdf1 Rcf8 28. Rxf6 Rxf6 29. Qd5 c6 30. Qd3 h6 31. Qd1 Qg5 32. Qg4 Qxg4 33. Nxg4 Rf7 34. Rd1 h5 35. Nh2 Rf6 36. g3 Ng6 37. Kg2 Ne7 38. Nf3 Kh7 39. h4 Kg6 40. c4 Re6 41. c5 d5 42. Nd2 Kf7 43. Kf3 g6 44. Ke2 Kf6 45. Kd3 Kf7 46. exd5 cxd5 47. Ke2 Nc6 48. Rb1 e4 49. b5 Nxa5 50. bxa6 bxa6 51. Ra1 Nb7 52. Nb3 Rc6 53. Rc1 a5 54. Rf1+ Ke7 55. Ra1 Nxc5 56. Nxa5 Ra6 57. Nb3 1-0


[Site "https://www.chess.com"]

[Event "Titled Tuesday Blitz June 6 Late 2023"]
[White "Mei, Austin"]
[Black "Kushko, Dmitriy"]
[WhiteFideId "30948479"]
[BlackFideId "14162261"]
[WhiteElo "2125"]
[BlackElo "2230"]
[Result "0-1"]
[Round "3"]
[TimeControl "180+2"]
[Date "2023.06.07"]
[WhiteClock "0:00:08"]
[BlackClock "0:00:04"]
[Board "68"]

1. e4 g6 2. d4 Bg7 3. Be3 d6 4. Qd2 e5 5. Nc3 Nc6 6. Bb5 Bd7 7. Nf3 a6 8. Bc4 Nf6 9. h3 b5 10. Bd5 b4 11. Ne2 Nxd5 12. exd5 Ne7 13. dxe5 dxe5 14. Rd1 a5 15. Bh6 Bxh6 16. Qxh6 Nf5 17. Qd2 Qe7 18. g4 Nd6 19. Qe3 e4 20. Nd2 O-O 21. Ng3 Rae8 22. O-O f5 23. gxf5 Nxf5 24. Nxf5 Rxf5 25. f4 Rxd5 26. Nc4 Rxd1 27. Rxd1 a4 28. Ne5 Bf5 29. Kg2 Qe6 30. Rd7 Qb6 31. Qxb6 cxb6 32. Rd4 Rc8 33. Rxb4 Rxc2+ 34. Kg3 e3 35. Rxb6 e2 36. Nf3 Be4 37. Re6 Bd5 38. Re5 Bxa2 39. Nd4 Rxb2 40. Nxe2 Bc4 41. Nc3 Rb3 42. Re3 a3 43. Kf2 a2 44. Nxa2 Rxe3 45. Kxe3 Bxa2 46. Ke4 Be6 47. h4 Kf7 0-1


[Site "https://www.chess.com"]